 Dungeon Crawl Stone Soup version 0.31.0-32-g396128a36d (webtiles) character file.

Game seed: 2599113645914611086

1023 unlimited1921 the Magician (level 8, -3/67 HPs)
             Began as an Oni Fire Elementalist on Mar 28, 2024.
             Killed by an exploding sky beast (26 damage)
             ... ignited by their inner flame
             ... on level 5 of the Dungeon.
             The game lasted 00:23:44 (12216 turns).

unlimited1921 the Magician (Oni Fire Elementalist) Turns: 12216, Time: 00:23:45

Health: -3/67      AC:  3    Str: 13    XL:     8   Next: 22%
Magic:  7/18       EV: 10    Int: 18    God:
Gold:   356        SH:  0    Dex:  9    Spells: 14/20 levels left

rFire   . . .        F - +4 dagger
rCold   . . .        (no shield)
rNeg    . . .        a - +0 robe
rPois   +            (helmet restricted)
rElec   .            (no cloak)
rCorr   +            (gloves unavailable)
SInv    .            (boots unavailable)
Will    .....        (no amulet)
Stlth   ++           j - ring of resist corrosion
HPRegen 0.31/turn    v - ring of poison resistance
MPRegen 0.16/turn

%: no passive effects
@: no status effects
A: large, unfitting armour, horns 1, tough skin 1, double potion healing,
drunken brawling
a: no special abilities


You were on level 5 of the Dungeon.
You visited 1 branch of the dungeon, and saw 6 of its levels.

You collected 356 gold pieces.

Inventory:

Hand Weapons
 e - a +0 dagger
 m - a +0 short sword
 q - a +0 war axe
 u - a +0 spear
 A - a +0 orcbow
 E - a +1 dagger of venom
 F - a +4 dagger (weapon)
 H - a +0 dire flail
Missiles
 b - a curare-tipped dart
 d - a throwing net
 f - 23 stones
 k - 15 poisoned darts
 D - a boomerang
Armour
 a - a +0 robe (worn)
Jewellery
 j - a ring of resist corrosion (left hand)
 v - a ring of poison resistance (right hand)
 y - an amulet of reflection
Scrolls
 c - a scroll of silence {unknown}
 g - a scroll of enchant weapon {unknown}
 i - 2 scrolls of fear {unknown}
 l - a scroll of amnesia {unknown}
 o - 2 scrolls of revelation {unknown}
 r - a scroll of torment {unknown}
 s - 2 scrolls of acquirement {unknown}
 t - 2 scrolls of blinking {unknown}
 w - a scroll of noise {unknown}
 B - a scroll of identify
 G - a scroll of teleportation {unknown}
Potions
 h - 2 potions of enlightenment
 n - a potion of resistance
 p - 3 potions of ambrosia
 x - a potion of brilliance {unknown}
 z - a potion of curing {unknown}
 C - a potion of degeneration {unknown}


   Skills:
 + Level 0.3 Fighting
 + Level 2.5 Dodging
 + Level 2.5 Stealth
 + Level 6.7 Spellcasting
 + Level 3.4 Conjurations
 + Level 0.1 Hexes
 + Level 5.4 Fire Magic


You had 14 spell levels left.
You knew the following spells:

 Your Spells              Type           Power      Damage    Failure   Level
a - Foxfire               Conj/Fire      84%        2x1d8     1%          1
b - Scorch                Fire           50%        2d7       1%          2
c - Inner Flame           Hex/Fire       16%        N/A       11%         3

Your spell library contained the following spells:

 Spells                   Type           Power      Damage    Failure   Level
 Static Discharge         Conj/Air       24%        3-4/arc   9%          2
 Volatile Blastmotes      Fire/Tloc      30%        2d12      11%         3
 Flame Wave               Conj/Fire      21%        2d8       19%         4
 Airstrike                Air            3%         2d(1-17)  73%         4
 Summon Lightning Spire   Summ/Air       6%         N/A       73%         4


Dungeon Overview and Level Annotations

Branches:
Dungeon (6/15)             Temple (0/1) D:4

Altars:
Cheibriados
Elyvilon
Gozag
Okawaru
Trog
Yredelemnul


Innate Abilities, Weirdness & Mutations

You are too large for most types of armour.
You have a pair of small horns on your head.
You have tough skin. (AC +1)
You gain doubled healing and magic from potions.
Whenever you drink a healing potion, you attack all around you.


Message History

The sky beast attacks as it pursues you!
The sky beast hits you. The sky beast shocks you. The orc misses you.
The sky beast attacks as it pursues you!
The sky beast hits you. The sky beast shocks you.
The orc attacks as it pursues you! The orc barely misses you.
The sky beast attacks as it pursues you!
The sky beast hits you. The sky beast shocks you.
Casting: Foxfire (safe; 1% risk of failure)
Confirm with . or Enter, or press ? or * to list all spells.
Aiming: Inner Flame (dangerous; 11% risk of failure)
Press: ? - help, Dir - move target, f - sky beast
Aim: a sky beast (chance to affect: 71%)
The sky beast is filled with an inner flame.
Casting: Inner Flame (dangerous; 11% risk of failure)
Confirm with . or Enter, or press ? or * to list all spells.
Aiming: Inner Flame (dangerous; 11% risk of failure)
Press: ? - help, Dir - move target, f - orc, p - sky beast
Aim: an orc, wielding a +0 flail (chance to affect: 84%)
The orc barely resists.
Casting: Inner Flame (dangerous; 11% risk of failure)
Confirm with . or Enter, or press ? or * to list all spells.
Aiming: Inner Flame (dangerous; 11% risk of failure)
Press: ? - help, Dir - move target, f/p - orc
Aim: an orc, wielding a +0 flail (chance to affect: 84%)
The orc is filled with an inner flame.
The sky beast hits you. The sky beast shocks you.
Casting: Inner Flame (dangerous; 11% risk of failure)
Confirm with . or Enter, or press ? or * to list all spells.
Flames lash the orc.
The orc explodes!
The fiery explosion engulfs the orc!!
You kill the orc!
The fiery explosion engulfs the sky beast!!
Flame seeps out of the sky beast.
The sky beast is almost dead.
The sky beast is engulfed in blazing flames.
The sky beast explodes!
The fiery explosion engulfs you!!
You die...

#.#######...#~###..........
#.......#...#~#...#####.###
###..[..##>.#†#...#####.#
#######
#....).[..#~#......##.###
.))...#
#.........#.#....#.##....
#####.#
#......§§§#~#....#.##.... #.#
##.....§§§###....#.##.... #.#
#....##§##.#....#.##.... #.#
#....##@##.#....#....... #.#
#....##.##.#########....
#.####....##.##.# ##...
#..........#.##)# #...
##########.#.##)#############
#.#.##)#.......#
#.#.##.#.##.##.#####
#.#.##.#.#..........
#.#.##.#.###.##''##.


There were no monsters in sight!

Vanquished Creatures
  A sky beast (D:5)
  An orc warrior (D:5)
  An ice beast (D:5)
  A centaur (D:5)
  A kobold brigand (D:4)
  A weeping skull (D:4)
  A scorpion (D:4)
  4 orc priests (D:5)
  3 iguanas
  A sleepcap (D:4)
  5 orc wizards (D:5)
  6 gnolls
  8 adders
  3 ribbon worms
  A dart slug (D:1)
  15 orcs
  2 endoplasms (D:2)
  4 giant cockroaches
  3 goblins
  3 hobgoblins
  3 jackals (D:2)
  4 quokkas
  4 ball pythons
  9 bats
  3 frilled lizards
  5 kobolds
  5 rats
  A spectral orc (D:4)
99 creatures vanquished.

Vanquished Creatures (others)
  388 foxfires
388 creatures vanquished.

Grand Total: 487 creatures vanquished

Notes
Turn   | Place    | Note
-------+----------+-------------------------------------------
     0 | D:1      | unlimited1921 the Oni Fire Elementalist began the quest for
                  | the Orb.
     0 | D:1      | Reached XP level 1. HP: 16/16 MP: 3/3
   661 | D:1      | Reached XP level 2. HP: 24/24 MP: 0/5
  2012 | D:1      | Found a faded altar of an unknown god.
  2047 | D:2      | Reached XP level 3. HP: 31/31 MP: 0/7
  2845 | D:1      | Learned a level 2 spell: Scorch
  2849 | D:1      | Learned a level 3 spell: Inner Flame
  2859 | D:2      | Reached skill level 1 in Conjurations
  3764 | D:2      | Reached skill level 3 in Spellcasting
  4838 | D:2      | Reached XP level 4. HP: 39/39 MP: 1/8
  6076 | D:3      | Found an iron altar of Okawaru.
  6888 | D:3      | Found an opulent altar of Gozag.
  7892 | D:4      | Noticed a kobold brigand
  7903 | D:4      | Killed a kobold brigand
  7904 | D:4      | Reached skill level 4 in Spellcasting
  7904 | D:4      | Reached XP level 5. HP: 21/45 MP: 7/11
  8568 | D:4      | Found a basalt altar of Yredelemnul.
  8568 | D:4      | Noticed a weeping skull
  8578 | D:4      | Killed a weeping skull
  8579 | D:4      | Reached XP level 6. HP: 53/53 MP: 2/12
  8825 | D:4      | Found a staircase to the Ecumenical Temple.
  9947 | D:5      | Entered Level 5 of the Dungeon
 10002 | D:5      | Reached skill level 5 in Spellcasting
 10330 | D:5      | Reached XP level 7. HP: 59/59 MP: 7/14
 10503 | D:5      | Found a snail-covered altar of Cheibriados.
 10503 | D:5      | Found a bloodstained altar of Trog.
 10671 | D:5      | Found a white marble altar of Elyvilon.
 10938 | D:5      | Reached skill level 6 in Spellcasting
 10938 | D:5      | Reached skill level 5 in Fire Magic
 11268 | D:5      | Reached XP level 8. HP: 67/67 MP: 11/17
 12216 | D:5      | Killed by an exploding sky beast... ignited by their inner
                  | flame

Illustrated notes

Levels and vault maps discovered:
D:1:      onia_arrival_pentagram, layout_rooms,
          hellmonk_ecumenical_altar_prayer_group, feat_on_display
D:2:      layout_basic
D:3:      layout_loops_ring, nicolae_gozag_cash_rules_everything_around_me,
          mainiacjoe_overflow_six_doors_small, serial_rivers,
          chequers_serial_rivers_micro_c, chequers_serial_rivers_micro_a,
          chequers_serial_rivers_micro_c, chequers_serial_rivers_micro_a,
          chequers_serial_rivers_marsh
D:4:      layout_cave_pools, yredelemnul_forgotten_temple_becter,
          minmay_temple_entry_arrows
D:5:      layout_basic, general_overflow_altar, jmf_multi_god_temple,
          portal_sewer_entry_d
D:6:      layout_loops_ring, lemuel_coloured_pillars_altar, uniq_menkaure

Skill      XL: |  1  2  3  4  5  6  7 |
---------------+----------------------+-----
Dodging        | 2 |  2.5
Fire Magic     | 3 4 5 |  5.4
Conjurations   | 1 2 3 |  3.4
Spellcasting   | 3 4 5 6 |  6.7
Stealth        | 2 |  2.5
Fighting       | |  0.3
Hexes          | |  0.1

Action                     |  1- 3 |  4- 6 |  7- 9 || total
---------------------------+-------+-------+-------++-------
  Melee: Dagger            |    11 |       |       ||    11
         Headbutt          |     2 |     1 |       ||     3
         Short sword       |       |     7 |     1 ||     8
   Cast: Foxfire           |    86 |   107 |    54 ||   247
         Scorch            |    10 |    17 |    23 ||    50
         Inner Flame       |       |     1 |     6 ||     7
    Use: Scroll            |       |     3 |       ||     3
         Potion            |       |     1 |       ||     1
 Armour: Robe              |    13 |    13 |    30 ||    56
  Dodge: Dodged            |     9 |     5 |    14 ||    28
